 Dungeon Crawl Stone Soup version 0.18.1-48-g4cf74bf (webtiles) character file.

296 Groucho the Cudgeler (level 6, -14/35 HPs)
             Began as a Gargoyle Gladiator on Sept 3, 2016.
             Killed by divine providence
             ... invoked by an orc priest
              (17 damage)
             ... on level 4 of the Dungeon.
             The game lasted 00:10:38 (3352 turns).

Groucho the Cudgeler (Gargoyle Gladiator)           Turns: 3352, Time: 00:10:39

Health: -14/35     AC: 13    Str: 20    XL:     6   Next: 34%
Magic:  6/6        EV: 11    Int:  9    God:
Gold:   179        SH:  0    Dex: 10    Spells: 0 memorised, 5 levels left

rFire  . . .     SeeInvis .     a - +0 flail
rCold  . . .     Gourm    .     m - +0 ring mail (curse)
rNeg   + . .     Faith    .     (no shield)
rPois  ∞         Spirit   .     c - +0 helmet
rElec  +         Dismiss  .     e - +0 cloak
rCorr  .         Reflect  .     u - +0 pair of gloves
SustAt .         Harm     .     (no boots)
MR     .....                    (no amulet)
Stlth  +.........               (no ring)
                                p - ring of stealth

@: not resistant to hostile enchantments, very unstealthy
A: negative energy resistance 1, electricity resistance, unbreathing,
petrification resistance, rot immunity, AC +4
a: no special abilities


You were on level 4 of the Dungeon.
You were not hungry.

You visited 1 branch of the dungeon, and saw 4 of its levels.

You collected 179 gold pieces.

Inventory:

Hand Weapons
 a - a +0 flail (weapon)
 o - a +1 mace of protection
Missiles
 b - 117 stones (quivered)
 d - 3 throwing nets
 l - 4 javelins
Armour
 c - a +0 helmet (worn)
 e - a +0 cloak (worn)
 m - a cursed +0 ring mail (worn)
 u - a +0 pair of gloves (worn)
Jewellery
 p - a ring of stealth (left hand)
 x - an uncursed ring of wizardry {unknown}
Scrolls
 i - 4 scrolls of identify
 j - a scroll of teleportation {unknown}
 k - 2 scrolls of random uselessness {unknown}
 n - a scroll of remove curse {unknown}
 q - a scroll of enchant armour {unknown}
 t - a scroll of fog {unknown}
 v - a scroll of magic mapping {unknown}
Potions
 f - 2 potions of curing
 h - a potion of might
Comestibles
 g - a meat ration
 r - a bread ration
 s - 9 fruits
 w - a chunk of flesh


   Skills:
 - Level 2.1 Fighting
 * Level 5.9 Maces & Flails
 - Level 1.7 Throwing
 + Level 3.5 Armour
 - Level 2.4 Dodging


You had 5 spell levels left.
You didn't know any spells.

Dungeon Overview and Level Annotations

Branches:
Dungeon (4/15)
 Temple: D:4-7

Altars:
Makhleb
Qazlal
Ru


Innate Abilities, Weirdness & Mutations

You are resistant to torment.
Your stone body is resilient (AC +4).
You are immune to poison.
You resist negative energy.
You are resistant to electric shocks.
You can survive without breathing.
You are immune to petrification.
You are immune to rotting.


Message History

There is an open door here.
You see here a ring mail.
You hit the orc.
The orc is severely wounded.
The orc hits you but does no damage. x2
You hit the orc but do no damage.
The orc is severely wounded.
You completely miss the orc.
The orc priest calls upon Beogh to heal the orc.
The orc is healed somewhat.
The orc priest mumbles some strange prayers to Beogh against you.
Beogh smites you!
* * * LOW HITPOINT WARNING * * *
The orc priest invokes the aid of Beogh against you.
Beogh smites you!
* * * LOW HITPOINT WARNING * * *
A quokka comes into view.
The orc priest invokes the aid of Beogh against you.
Beogh smites you!
You die...

################.#############
+.............o...............
#...÷.........##.######.#####
#.###########o# .# #.# #
#...#.....# #.# .# #.# #
###.#.###.# #o##.# #.# #
#.#.....###o# .. #.# #
#.#.###...#.# #.# ##.### #
#.#<#.....@.# .. #....# #
#.#.#r#...### #.###....# #
#######.#.#.#...# .(##....# #
#.......#.#
#...#######.##...!# #
#.#####.#.#
###..........#....# #
#.#.......#.#
#.########.#....# #
#.#.#......)# #.# #.##'### #
#.#.#.####### #.# #.#....#
#.#.....# ..# #.#....#


You could see an orc priest, 3 orcs and a quokka (wandering).

Vanquished Creatures
  A hound (D:4)
  3 orc priests (D:3)
  Crazy Yiuf (D:3)
  A worker ant (D:4)
  A howler monkey skeleton (D:4)
  2 adders
  2 oozes
  3 worms (D:2)
  2 dart slugs
  4 giant geckos
  4 orcs (D:3)
  4 ball pythons
  8 bats
  8 giant cockroaches
  5 goblins
  7 hobgoblins
  2 quokkas (D:2)
  2 giant newts (D:1)
  6 kobolds
  10 rats
  A fungus (D:3)
77 creatures vanquished.

Notes
Turn   | Place    | Note
--------------------------------------------------------------
     0 | D:1      | Groucho the Gargoyle Gladiator began the quest for the Orb.
     0 | D:1      | Reached XP level 1. HP: 12/12 MP: 1/1
   107 | D:1      | Reached XP level 2. HP: 17/17 MP: 2/2
   598 | D:1      | Reached skill level 4 in Maces & Flails
   598 | D:1      | Reached XP level 3. HP: 21/21 MP: 3/3
   714 | D:2      | Reached skill level 1 in Armour
   733 | D:2      | Found a burning altar of Makhleb.
  1345 | D:2      | Reached XP level 4. HP: 26/26 MP: 4/4
  1703 | D:2      | Found a stormy altar of Qazlal.
  1784 | D:3      | Found a sacrificial altar of Ru.
  1910 | D:3      | Reached XP level 5. HP: 24/30 MP: 5/5
  1939 | D:3      | HP: 1/30 [orc/dagger (1)]
  1953 | D:3      | Reached skill level 5 in Maces & Flails
  2630 | D:3      | Noticed Crazy Yiuf
  2642 | D:3      | Killed Crazy Yiuf
  2801 | D:4      | Reached XP level 6. HP: 30/35 MP: 6/6
  3151 | D:4      | Found a burning altar of Makhleb.
  3352 | D:4      | Killed from afar by an orc priest

Skill      XL: |  1  2  3  4  5 |
---------------+----------------+-----
Maces & Flails | 4 5 |  5.9
Armour         | 1 2 3 |  3.5
Fighting       | |  2.1
Throwing       | |  1.7
Dodging        | |  2.4

Action                   |  1- 3 |  4- 6 || total
-------------------------+-------+-------++-------
Melee: Flail             |   127 |   157 ||   284
Throw: Stone             |    32 |    65 ||    97
  Use: Potion            |       |     3 ||     3
       Scroll            |       |     2 ||     2
 Stab: Sleeping          |       |     1 ||     1
  Eat: Bread ration      |     1 |       ||     1
       Meat ration       |       |     1 ||     1
Armor: Leather armour    |    20 |       ||    20
       Ring mail         |    46 |    62 ||   108
Dodge: Dodged            |    77 |    91 ||   168
